MLB
PHILADELPHIA PHILLIES @ NEW YORK METS
05/06/2044
 
TOP OF THE 1ST
Philadelphia Phillies batting - Pitching for New York Mets : LHP Enkei Wakamatsu
Pitching: LHP Enkei Wakamatsu
Batting: SHB Patrick Kimmel 0-0: Called Strike
0-1: Ground out 5-3 (Groundball, 56, EV 88.1 MPH)
Batting: RHB Ji-an Li 0-0: Ground out 6-3 (Groundball, 56, EV 102.5 MPH)
Batting: LHB Eric Katz 0-0: Ball
1-0: Foul Ball, location: 2F
1-1: Foul Ball, location: 2F
1-2: Ball
2-2: Strikes out looking
Top of the 1st over - 0 runs, 0 hits, 0 errors, 0 left on base; Philadelphia 0 - New York 0
BOTTOM OF THE 1ST
New York Mets batting - Pitching for Philadelphia Phillies : LHP Marko Emchenko
Pitching: LHP Marko Emchenko
Batting: SHB Sean Cook 0-0: Ball
1-0: Ball
2-0: Foul Ball, location: 2F
2-1: Foul Ball, location: 2F
2-2: Ball
3-2: Foul Ball, location: 2F
3-2: Foul Ball, location: 2F
3-2: Foul Ball, location: 2F
3-2: Fly out, F8 (Flyball, 8LS, EV 73.1 MPH)
Batting: SHB Jonathan Jenkins 0-0: Swinging Strike
0-1: Ball
1-1: Swinging Strike
1-2: Strikes out swinging
Batting: RHB Jeff Jank 0-0: Ball
1-0: Ball
2-0: Foul Ball, location: 2F
2-1: Foul Ball, location: 2F
2-2: Ground out 4-3 (Groundball, 34, EV 106.2 MPH)
Bottom of the 1st over - 0 runs, 0 hits, 0 errors, 0 left on base; Philadelphia 0 - New York 0
TOP OF THE 2ND
Philadelphia Phillies batting - Pitching for New York Mets : LHP Enkei Wakamatsu
Batting: LHB Alberto Figueroa 0-0: Ball
1-0: Foul Ball, location: 2F
1-1: Foul Ball, location: 2F
1-2: Ball
2-2: Ball
3-2: Strikes out swinging, 2-3 out at first.
Batting: RHB Raul de la Cruz 0-0: Called Strike
0-1: Foul Ball, location: 2F
0-2: Ball
1-2: Strikes out swinging passed ball, reaches first!
Batting: LHB Ryan Trombley 0-0: Called Strike
0-1: Ball
1-1: Ball
2-1: Ball
3-1: Called Strike
3-2: Strikes out swinging
Batting: LHB Nick Canizales 0-0: Called Strike
0-1: Ball
1-1: Ball
2-1: Called Strike
2-2: Ball
Raul de la Cruz steals 2nd base
3-2: Foul Ball, location: 2F
3-2: Foul Ball, location: 2F
3-2: Strikes out swinging
Top of the 2nd over - 0 runs, 0 hits, 0 errors, 1 left on base; Philadelphia 0 - New York 0
BOTTOM OF THE 2ND
New York Mets batting - Pitching for Philadelphia Phillies : LHP Marko Emchenko
Batting: SHB Nelle van den Berg 0-0: Ball
1-0: Fly out, F6 (Popup, 4MD, EV 45.6 MPH)
Batting: SHB Gus Berry 0-0: Ball
1-0: Ball
2-0: Ball
3-0: Called Strike
3-1: Swinging Strike
3-2: Base on Balls
Batting: SHB Javy Rosa 0-0: Ball
1-0: Ball
2-0: Called Strike
2-1: Foul Ball, location: 2F
2-2: SINGLE (Groundball, 34D, EV 108.1 MPH)
Gus Berry to second
Runner from 2nd tries for 3rd, SAFE, throw by RF made to third
Javy Rosa to second
Batting: SHB Scott Scott 0-0: Foul Ball, location: 2F
0-1: Ground out 5-3 (Groundball, 56, EV 88.1 MPH)
Gus Berry scores
Batting: SHB Harry Hoop 0-0: Called Strike
0-1: Ball
1-1: Ball
2-1: Swinging Strike
2-2: Strikes out looking
Bottom of the 2nd over - 1 run, 1 hit, 0 errors, 1 left on base; Philadelphia 0 - New York 1
TOP OF THE 3RD
Philadelphia Phillies batting - Pitching for New York Mets : LHP Enkei Wakamatsu
Batting: RHB Luis Arce 0-0: Ball
1-0: Swinging Strike
1-1: Ball
2-1: Ball
3-1: Foul Ball, location: 2F
3-2: Foul Ball, location: 2F
3-2: Base on Balls
Batting: SHB Rafael Vazquez 0-0: Ball
Wild Pitch!
Luis Arce to second
1-0: Ground out 4-3 (Groundball, 34, EV 87.5 MPH)
Luis Arce to third
Batting: SHB Patrick Kimmel 0-0: Called Strike
0-1: Foul Ball, location: 2F
0-2: Ball
1-2: Strikes out looking
Batting: RHB Ji-an Li 0-0: Foul Ball, location: 2F
0-1: Foul Ball, location: 2F
0-2: Foul Ball, location: 2F
0-2: Ball
1-2: Ball
2-2: Fly out, F8 (Flyball, 89D, EV 95.0 MPH)
Top of the 3rd over - 0 runs, 0 hits, 0 errors, 1 left on base; Philadelphia 0 - New York 1
BOTTOM OF THE 3RD
New York Mets batting - Pitching for Philadelphia Phillies : LHP Marko Emchenko
Batting: SHB Kaname Fujimoto 0-0: Foul Ball, location: 2F
0-1: Called Strike
0-2: Ball
1-2: Ball
2-2: Ground out 5-3 (Groundball, 56, EV 82.5 MPH)
Batting: SHB Sean Cook 0-0: Swinging Strike
0-1: Fly out, F9 (Flyball, 9LD, EV 101.2 MPH)
Batting: SHB Jonathan Jenkins 0-0: Called Strike
0-1: Foul Ball, location: 2F
0-2: SINGLE (Groundball, 4MD, EV 96.2 MPH)
Batting: RHB Jeff Jank 0-0: SINGLE (Groundball, 6MD, EV 86.2 MPH) (infield hit)
Jonathan Jenkins to second
Batting: SHB Nelle van den Berg 0-0: Foul Ball, location: 2F
0-1: Ball
1-1: Ball
2-1: Fly out, F8 (Line Drive, 8LM, EV 103.8 MPH)
Bottom of the 3rd over - 0 runs, 2 hits, 0 errors, 2 left on base; Philadelphia 0 - New York 1
TOP OF THE 4TH
Philadelphia Phillies batting - Pitching for New York Mets : LHP Enkei Wakamatsu
Batting: LHB Eric Katz 0-0: Ball
1-0: Called Strike
1-1: Swinging Strike
1-2: Ball
2-2: Strikes out swinging
Batting: LHB Alberto Figueroa 0-0: Called Strike
0-1: Reached on error, E5 (Groundball, 56S, EV 65.0 MPH)
Batting: RHB Raul de la Cruz 0-0: Called Strike
0-1: Ball
1-1: Ball
2-1: Called Strike
2-2: 2-RUN HOME RUN (Line Drive, 78XD, EV 107.5 MPH), Distance : 426 ft
Batting: LHB Ryan Trombley 0-0: Called Strike
0-1: Foul Ball, location: 2F
0-2: Ball
1-2: Ball
2-2: Foul Ball, location: 2F
2-2: Foul Ball, location: 2F
2-2: Ball
3-2: Strikes out swinging
Batting: LHB Nick Canizales 0-0: Called Strike
0-1: Foul Ball, location: 2F
0-2: Foul Ball, location: 2F
0-2: Ground out 4-3 (Groundball, 4M, EV 103.8 MPH)
Top of the 4th over - 2 runs, 1 hit, 1 error, 0 left on base; Philadelphia 2 - New York 1
BOTTOM OF THE 4TH
New York Mets batting - Pitching for Philadelphia Phillies : LHP Marko Emchenko
Batting: SHB Gus Berry 0-0: Called Strike
0-1: Called Strike
0-2: Strikes out swinging
Batting: SHB Javy Rosa 0-0: Ball
1-0: Called Strike
1-1: Ball
2-1: Swinging Strike
2-2: Ground out 4-3 (Groundball, 4, EV 104.4 MPH)
Batting: SHB Scott Scott 0-0: Ball
1-0: Swinging Strike
1-1: Ground out 6-3 (Groundball, 6, EV 80.6 MPH)
Bottom of the 4th over - 0 runs, 0 hits, 0 errors, 0 left on base; Philadelphia 2 - New York 1
TOP OF THE 5TH
Philadelphia Phillies batting - Pitching for New York Mets : LHP Enkei Wakamatsu
Batting: RHB Luis Arce 0-0: Ball
1-0: Swinging Strike
1-1: Called Strike
1-2: Strikes out looking
Batting: SHB Rafael Vazquez 0-0: Fly out, F8 (Flyball, 8RM, EV 83.1 MPH)
Batting: SHB Patrick Kimmel 0-0: Ball
1-0: Ball
2-0: Called Strike
2-1: Ball
3-1: Ground out U3 (Groundball, 3, EV 100.0 MPH)
Top of the 5th over - 0 runs, 0 hits, 0 errors, 0 left on base; Philadelphia 2 - New York 1
BOTTOM OF THE 5TH
New York Mets batting - Pitching for Philadelphia Phillies : LHP Marko Emchenko
Batting: SHB Harry Hoop 0-0: Ball
1-0: SINGLE (Flyball, 8RS, EV 96.9 MPH)
Batting: SHB Kaname Fujimoto 0-0: Ball
1-0: Grounds into double play, 6-4-3 (Groundball, 6, EV 92.5 MPH)
Batting: SHB Sean Cook 0-0: Called Strike
0-1: SINGLE (Line Drive, 78M, EV 91.2 MPH)
Batting: SHB Jonathan Jenkins 0-0: Ball
Sean Cook is caught stealing 2nd base 2-4
Bottom of the 5th over - 0 runs, 2 hits, 0 errors, 0 left on base; Philadelphia 2 - New York 1
TOP OF THE 6TH
Philadelphia Phillies batting - Pitching for New York Mets : LHP Enkei Wakamatsu
Batting: RHB Ji-an Li 0-0: Called Strike
0-1: Ball
1-1: Foul Ball, location: 2F
1-2: Ground out 6-3 (Groundball, 6MS, EV 87.5 MPH)
Batting: LHB Eric Katz 0-0: Called Strike
0-1: Ball
1-1: Foul Ball, location: 2F
1-2: Ball
2-2: Ball
3-2: Strikes out looking
Batting: LHB Alberto Figueroa 0-0: Fly out, F7 (Flyball, 7, EV 78.1 MPH)
Top of the 6th over - 0 runs, 0 hits, 0 errors, 0 left on base; Philadelphia 2 - New York 1
BOTTOM OF THE 6TH
New York Mets batting - Pitching for Philadelphia Phillies : LHP Marko Emchenko
Batting: SHB Jonathan Jenkins 0-0: Called Strike
0-1: Foul Ball, location: 2F
0-2: Ball
1-2: Ball
2-2: SINGLE (Groundball, 56D, EV 102.5 MPH)
Batting: RHB Jeff Jank 0-0: Ball
1-0: Ball
2-0: Called Strike
2-1: Swinging Strike
2-2: Foul Ball, location: 2F
2-2: Fly out, F6 (Flyball, 6MD, EV 90.0 MPH)
Batting: SHB Nelle van den Berg 0-0: Grounds into double play, 5-4-3 (Groundball, 5, EV 83.8 MPH)
Bottom of the 6th over - 0 runs, 1 hit, 0 errors, 0 left on base; Philadelphia 2 - New York 1
TOP OF THE 7TH
Philadelphia Phillies batting - Pitching for New York Mets : LHP Enkei Wakamatsu
Batting: RHB Raul de la Cruz 0-0: Ball
1-0: Ball
2-0: Fly out, F6 (Popup, P, EV 76.9 MPH)
Batting: LHB Ryan Trombley 0-0: Fly out, F8 (Flyball, 8LM, EV 91.2 MPH)
Batting: LHB Nick Canizales 0-0: Called Strike
0-1: Foul Ball, location: 2F
0-2: Ball
1-2: Ball
2-2: Strikes out swinging
Top of the 7th over - 0 runs, 0 hits, 0 errors, 0 left on base; Philadelphia 2 - New York 1
BOTTOM OF THE 7TH
New York Mets batting - Pitching for Philadelphia Phillies : LHP Marko Emchenko
Batting: SHB Gus Berry 0-0: Ball
1-0: Called Strike
1-1: Foul Ball, location: 2F
1-2: Foul Ball, location: 2F
1-2: Ball
2-2: Ball
3-2: Fly out, F9 (Flyball, 9S, EV 82.5 MPH)
Batting: SHB Javy Rosa 0-0: Ball
1-0: Ball
2-0: Called Strike
2-1: Ball
3-1: Ground out 4-3 (Groundball, 34, EV 98.8 MPH)
Batting: SHB Scott Scott 0-0: Ball
1-0: Ball
2-0: Ball
3-0: Base on Balls
Batting: SHB Harry Hoop 0-0: Called Strike
0-1: Ball
1-1: Fielders Choice at 2nd, 5-4 (Groundball, 56, EV 103.8 MPH)
Bottom of the 7th over - 0 runs, 0 hits, 0 errors, 1 left on base; Philadelphia 2 - New York 1
TOP OF THE 8TH
Philadelphia Phillies batting - Pitching for New York Mets : LHP Enkei Wakamatsu
Batting: RHB Luis Arce 0-0: Ball
1-0: Called Strike
1-1: Ground out 5-3 (Groundball, 56, EV 86.9 MPH)
Pitching: LHP Sam Schrecengost
Batting: SHB Rafael Vazquez 0-0: Fly out, F7 (Line Drive, 7, EV 90.6 MPH)
Batting: SHB Patrick Kimmel 0-0: Called Strike
0-1: Called Strike
0-2: Foul Ball, location: 2F
0-2: Foul Ball, location: 2F
0-2: Ball
1-2: Ball
2-2: Fly out, F8 (Flyball, 8LXD, EV 89.4 MPH)
Top of the 8th over - 0 runs, 0 hits, 0 errors, 0 left on base; Philadelphia 2 - New York 1
BOTTOM OF THE 8TH
New York Mets batting - Pitching for Philadelphia Phillies : LHP Marko Emchenko
Pitching: RHP Rico Romero
Batting: SHB Kaname Fujimoto 0-0: Called Strike
0-1: Ball
1-1: Ball
2-1: Ball
3-1: Base on Balls
Batting: SHB Sean Cook 0-0: Sac Bunt to 5S - play at first, batter OUT! 5-4
Kaname Fujimoto to second
Batting: SHB Jonathan Jenkins 0-0: Called Strike
0-1: Swinging Strike
0-2: Foul Ball, location: 2F
0-2: Foul Ball, location: 2F
0-2: Ball
1-2: Ball
2-2: Ball
3-2: SINGLE (Groundball, 34D, EV 108.8 MPH)
Kaname Fujimoto to third
Batting: RHB Jeff Jank 0-0: Ball
1-0: Ball
2-0: SINGLE (Groundball, 56, EV 95.0 MPH)
Kaname Fujimoto scores
Jonathan Jenkins to second
Batting: SHB Nelle van den Berg 0-0: Ball
1-0: Ball
2-0: Foul Ball, location: 2F
2-1: Ball
3-1: Foul Ball, location: 2F
3-2: DOUBLE (Line Drive, 7LM, EV 106.9 MPH)
Jonathan Jenkins scores
Jeff Jank to third
Batting: SHB Gus Berry 0-0: Intentional Walk
Batting: SHB Javy Rosa 0-0: SINGLE (Groundball, 6MD, EV 98.1 MPH)
Jeff Jank scores
Nelle van den Berg to third
Gus Berry to second
Runner from 3rd tries for Home, throw by CF and OUT! 8-2
Batting: SHB Scott Scott 0-0: Called Strike
0-1: Swinging Strike
0-2: Foul Ball, location: 2F
0-2: Ball
1-2: SINGLE (Groundball, 3, EV 95.0 MPH)
Gus Berry to third
Javy Rosa to second
Runner from 3rd tries for Home, SAFE, throw by RF to home
Pitching: RHP Julian Bush
Batting: SHB Harry Hoop 0-0: Called Strike
Javy Rosa steals 3rd base
Scott Scott to second
0-1: Fly out, F8 (Flyball, 8LXD, EV 111.9 MPH)
Bottom of the 8th over - 4 runs, 5 hits, 0 errors, 2 left on base; Philadelphia 2 - New York 5
TOP OF THE 9TH
Philadelphia Phillies batting - Pitching for New York Mets : LHP Sam Schrecengost
Pitching: RHP Ron Hawkins
Now at C: Scott Bartholomew
Now in RF: Timo Gomez
Batting: RHB Ji-an Li 0-0: Called Strike
0-1: Ground out 4-3 (Groundball, 4, EV 83.1 MPH)
Batting: LHB Eric Katz 0-0: Ball
1-0: Fly out, F9 (Flyball, 9, EV 89.4 MPH)
Batting: LHB Alberto Figueroa 0-0: Ball
1-0: Ground out 6-3 (Groundball, 6, EV 87.5 MPH)
Top of the 9th over - 0 runs, 0 hits, 0 errors, 0 left on base; Philadelphia 2 - New York 5
Thursday, March 31st , 2022 - OOTP Baseball 22.12 Build 89